 Dungeon Crawl Stone Soup version 0.28.0-53-g5a82cb258f (webtiles) character file.

Game seed: 15794377706314520564

38 Descartes the Grasshopper (level 3, 0/25 (27) HPs)
             Began as a Formicid Warper on July 27, 2022.
             Succumbed to an adder's poison
             ... on level 2 of the Dungeon.
             The game lasted 00:02:02 (1419 turns).

Descartes the Grasshopper (Formicid Warper)         Turns: 1419, Time: 00:02:03

HP:   0/25 (27)     AC:  3    Str: 17    XL:     3   Next: 65%
MP:   6/6           EV: 11    Int: 12    God:
Gold: 49            SH:  0    Dex: 10    Spells: 6/6 levels left

rFire   + . .      SeeInvis +   i - +0 war axe
rCold   + . .      Faith    .   (no shield)
rNeg    . . .      Spirit   .   b - +0 leather armour
rPois   .          Reflect  .   (helmet unavailable)
rElec   .          Harm     .   m - scarf {rC+ rF+}
rCorr   .          Rampage  .   (no gloves)
Will    .....                   (no boots)
Stlth   +.........              e - amulet of the acrobat
HPRegen 0.08/turn               (no ring)
MPRegen 0.10/turn               (no ring)

@: lethally poisoned (0 -> -4), drained
A: permanent stasis, dig shafts and tunnels, antennae 3, four strong arms
a: Dig, Shaft Self


You were on level 2 of the Dungeon.
You visited 1 branch of the dungeon, and saw 2 of its levels.

You collected 49 gold pieces.

Inventory:

Hand Weapons
 a - a +0 hand axe
 i - a +0 war axe (weapon)
Missiles
 c - 5 boomerangs of dispersal (quivered)
 o - 25 arrows
Armour
 b - a +0 leather armour (worn)
 m - a scarf of resistance (worn)
Jewellery
 e - an amulet of the acrobat (around neck)
Scrolls
 g - a scroll of enchant weapon {unknown}
 h - a scroll of identify {unknown}
 j - a scroll of teleportation {unknown}
 l - a scroll of summoning {unknown}
 p - a scroll of vulnerability {unknown}
Potions
 d - 3 potions of curing {unknown}
 f - a potion of might {unknown}
 k - a potion of heal wounds {unknown}
 n - a potion of lignification {unknown}


   Skills:
 - Level 2.1 Fighting
 * Level 2.7 Axes
 - Level 1.0 Throwing
 + Level 1.8 Armour
 - Level 1.7 Dodging
 + Level 1.3 Shields
 - Level 2.1 Spellcasting
 + Level 3.0 Translocations


You had 6 spell levels left.
You didn't know any spells.
Your spell library contained the following spells:

 Spells                   Type           Power      Damage    Failure   Level
 Gell's Gravitas          Tloc           8%         N/A       28%         3
 Lesser Beckoning         Tloc           8%         N/A       28%         3
 Teleport Other           Tloc           8%         N/A       28%         3
 Magic Dart               Conj           4%         1d3       32%         1
 Call Imp                 Summ           1%         N/A       43%         2
 Mephitic Cloud           Conj/Pois/Air  1%         N/A       67%         3
 Tukima's Dance           Hex            1%         N/A       67%         3
 Manifold Assault         Tloc           8%         N/A       95%         5
 Anguish                  Hex/Necr       0%         N/A       97%         4
 Enfeeble                 Hex            0%         N/A       100%        7
 Blink                    Tloc           Unusable   N/A       N/A         2

Dungeon Overview and Level Annotations

Branches:
Dungeon (2/15)

Altars:


Innate Abilities, Weirdness & Mutations

You cannot be hasted, slowed, berserked, paralysed or teleported.
You can dig through walls and to a lower floor.
You have a pair of large antennae on your head. (SInv)
Your four strong arms can wield two-handed weapons with a shield.


Message History

No target in view!
No target in view!
p - a scroll labelled NAKHEY GEARGHED An adder comes into view.
Found a scroll labelled DEFFENT WOOGO.
Found a stone staircase leading down.
The adder hisses angrily.
An adder is nearby!
You see here 14 gold pieces.
You barely miss the adder. The adder bites you but does no damage.
The adder misses you.
You closely miss the adder. The adder bites you.
You closely miss the adder. The adder bites you but does no damage.
The adder bites you.
You are poisoned.
The adder poisons you!
You hit the adder.
The adder is moderately wounded.
You feel sick. The adder bites you.
You are more poisoned.
The adder poisons you! The adder bites you.
You are lethally poisoned!
The adder poisons you!
You barely miss the adder.
The adder is moderately wounded.
* * * LOW HITPOINT WARNING * * *
You feel very sick. The adder closely misses you. The adder barely misses you.
You hit the adder but do no damage.
The adder is moderately wounded.
* * * LOW HITPOINT WARNING * * *
You feel very sick. The adder closely misses you.
You closely miss the adder.
The adder is moderately wounded.
* * * LOW HITPOINT WARNING * * *
You feel very sick. The adder barely misses you.
The adder bites you but does no damage.
You slash the adder!
The adder is almost dead.
You die...

### ######## #..
#?>....# #.. #......#
#.. #......# #..
#......# #.. #..S...#
###.. ##..@...# #....
#.......# #....
##.......# #####....
##........### #........
.............###.##.....
..####.......##.........
# #.......##...##....
####.###...........
..........########


You could see an adder.

Vanquished Creatures
  A bat (D:1)
  2 endoplasms (D:1)
  3 giant cockroaches
  2 goblins (D:2)
  2 hobgoblins
  7 jackals
  2 quokkas (D:1)
  5 ball pythons
  4 frilled lizards
  A kobold (D:1)
  5 rats
34 creatures vanquished.

Notes
Turn   | Place    | Note
-------+----------+-------------------------------------------
     0 | D:1      | Descartes the Formicid Warper began the quest for the Orb.
     0 | D:1      | Reached XP level 1. HP: 16/16 MP: 3/3
   140 | D:1      | Reached XP level 2. HP: 19/22 MP: 5/5
   482 | D:1      | Reached skill level 1 in Shields
   819 | D:1      | Reached XP level 3. HP: 14/27 MP: 6/6
  1127 | D:2      | Reached skill level 3 in Translocations
  1418 | D:2      | HP: 1/25 [poisoned by an adder]
  1419 | D:2      | Succumbed to an adder's poison

Illustrated notes

Levels and vault maps discovered:
D:1:      amcnicky_arrival_feature_with_door, layout_loops_ring
D:2:      layout_rooms, dreamdust_ecumenical_altar_hidden_monk_grotto,
          serial_glass, glass_columns_a, glass_columns_c, due_unseen_surprise,
          item_on_display_a, minmay_strange_pillars

Skill      XL: |  1  2  3 |
---------------+----------+-----
Shields        | 1 |  1.3
Translocations | 3 |  3.0
Fighting       | |  2.1
Axes           | |  2.7
Throwing       | |  1.0
Armour         | |  1.8
Dodging        | |  1.7
Spellcasting   | |  2.1

Action                   || total
-------------------------++-------
Melee: Hand axe          ||    38
       War axe           ||    69
       Punch             ||     2
 Abil: Dig               ||     1
Armor: Leather armour    ||    35
Dodge: Dodged            ||    89
